 Dungeon Crawl Stone Soup version 0.32-a0-540-g866d13106e (webtiles) character file.

Game seed: 11926839123511493263

443 SparkingGeo the Chopper (level 6, 0/55 HPs)
             Began as a Minotaur Fighter on Feb 28, 2024.
             Succumbed to a goblin's poison
             ... on level 4 of the Dungeon.
             The game lasted 00:18:10 (3070 turns).

SparkingGeo the Chopper (Minotaur Fighter)          Turns: 3070, Time: 00:18:11

Health: 0/55       AC: 10    Str: 20    XL:     6   Next: 71%
Magic:  5/5        EV:  8    Int:  5    God:
Gold:   169        SH:  5    Dex: 12    Spells: 5/5 levels left

rFire   . . .        a - +2 war axe
rCold   . . .        c - +0 buckler
rNeg    . . .        g - +1 chain mail
rPois   .            (helmet restricted)
rElec   .            (no cloak)
rCorr   .            (no gloves)
SInv    .            (no boots)
Will    .....        (no amulet) Stlth
                     (no ring)
HPRegen 0.29/turn    (no ring)
MPRegen 0.09/turn

%: no passive effects
@: lethally poisoned (0 -> -13)
A: horns 2, retaliatory headbutt
a: no special abilities


You were on level 4 of the Dungeon.
You visited 1 branch of the dungeon, and saw 4 of its levels.

You collected 169 gold pieces.

Inventory:

Hand Weapons
 a - a +2 war axe (weapon)
Armour
 c - a +0 buckler (worn)
 g - a +1 chain mail (worn)
Jewellery
 o - a ring of protection from cold
Potions
 b - a potion of curing {unknown}
 d - a potion of might
 f - 3 potions of heal wounds
 i - 2 potions of degeneration {unknown}
 j - a potion of magic {unknown}
 l - 3 potions of enlightenment
 m - a potion of ambrosia {unknown}
 n - a potion of berserk rage {unknown}
 q - 2 potions of haste {unknown}
 s - a potion of resistance {unknown}


   Skills:
 + Level 4.9 Fighting
 + Level 5.9 Axes
 + Level 5.3 Armour
 + Level 1.4 Dodging
 + Level 4.8 Shields


You had 5 spell levels left.
You didn't know any spells.
Your spell library contained the following spells:

 Spells                   Type           Power      Damage    Failure   Level
 Shock                    Conj/Air       0%         1d3       99%         1
 Call Canine Familiar     Summ           0%         N/A       100%        3
 Sigil of Binding         Hex            0%         N/A       100%        3
 Swiftness                Air            0%         N/A       100%        3
 Airstrike                Air            0%         2d(0-16)  100%        4
 Dimensional Bullseye     Hex/Tloc       0%         N/A       100%        4


Dungeon Overview and Level Annotations

Branches:
Dungeon (4/15)
 Temple: D:4-7

Altars:
Qazlal
The Shining One

Shops:
D:1 =   D:2 [


Innate Abilities, Weirdness & Mutations

You have a pair of horns on your head.
You reflexively headbutt those who attack you in melee.


Message History

An orc comes into view. It is wielding a +0 whip.
The ogre hits you with a +0 giant spiked club.
You see here a scroll of identify.
A goblin comes into view. It is wielding a +2 dagger of venom.
The ogre attacks as it pursues you! The ogre barely misses you.
You hit the ogre.
The ogre is moderately wounded.
The ogre barely misses you.
You completely miss the ogre.
The ogre is moderately wounded.
You closely miss the orc.
The ogre hits you with a +0 giant spiked club!!
* * * LOW HITPOINT WARNING * * *
You are too injured to fight recklessly!
You are too injured to fight recklessly!
You are too injured to fight recklessly!
You are too injured to fight recklessly!
The goblin barely misses you. The orc hits you with a +0 short sword.
* * * LOW HITPOINT WARNING * * *
The goblin attacks as it pursues you! The goblin completely misses you.
You furiously retaliate!
You headbutt the goblin. The orc attacks as it pursues you!
The orc hits you but does no damage. The orc attacks as it pursues you!
The orc hits you but does no damage. The orc attacks as it pursues you!
The orc closely misses you.
You see here a +0 ring mail.
Found a scroll labelled YQUFASCHAGEE and a mace.
The orc attacks as it pursues you! The orc barely misses you.
The goblin attacks as it pursues you! You block the goblin's attack.
The orc attacks as it pursues you! The orc closely misses you.
Found a short smoking staff.
The goblin attacks as it pursues you! The goblin hits you but does no damage.
You are poisoned.
You see here a scroll labelled YQUFASCHAGEE.
You feel sick. The goblin attacks as it pursues you!
The goblin hits you with a +2 dagger of venom.
* * * LOW HITPOINT WARNING * * *
You are more poisoned.
* * * LOW HITPOINT WARNING * * *
You feel very sick.
You die...

....#.[.....>##.#
.#..>...........###
.#.................
..................|
.........#.......
...........#...
..........o#.#######
.....[....Oo.?g.@..#
...†))...#.........#
...................#
.....<##(#.........#
......##...........#
......###..........#
..#####..)...###.###
.## .####.# #.# #.


You could see an ogre, 2 orcs and a goblin.

Vanquished Creatures
  Sigmund (D:2)
  A sky beast (D:3)
  An orc priest (D:4)
  Natasha (D:2)
  Terence (D:2)
  An iguana (D:4)
  4 adders
  A white imp (D:3)
  2 dart slugs (D:1)
  An orc (D:3)
  8 ball pythons
  5 bats
  4 endoplasms
  A giant cockroach (D:1)
  7 goblins
  2 hobgoblins (D:1)
  5 jackals (D:1)
  3 quokkas
  2 frilled lizards
  8 kobolds
  4 rats
63 creatures vanquished.

Notes
Turn   | Place    | Note
-------+----------+-------------------------------------------
     0 | D:1      | SparkingGeo the Minotaur Fighter began the quest for the
                  | Orb.
     0 | D:1      | Reached XP level 1. HP: 19/19 MP: 0/0
    52 | D:1      | Found Pazokoafi's Jewellery Emporium.
   111 | D:1      | Reached XP level 2. HP: 27/27 MP: 1/1
   385 | D:1      | Found a faded altar of an unknown god.
   573 | D:1      | Reached XP level 3. HP: 33/33 MP: 2/2
  1111 | D:2      | Found Mafogit's Armour Emporium.
  1383 | D:2      | Noticed Terence
  1392 | D:2      | Killed Terence
  1393 | D:2      | Reached XP level 4. HP: 38/41 MP: 3/3
  1598 | D:2      | Noticed Natasha
  1605 | D:2      | Killed Natasha
  1801 | D:2      | Noticed Sigmund
  1809 | D:2      | Killed Sigmund
  1810 | D:2      | Reached skill level 5 in Axes
  1810 | D:2      | Reached skill level 5 in Armour
  1810 | D:2      | Reached skill level 1 in Dodging
  1810 | D:2      | Reached XP level 5. HP: 38/47 MP: 4/4
  1845 | D:2      | You fall into a shaft and drop 1 floor!
  1846 | D:3      | Found a stormy altar of Qazlal.
  1846 | D:3      | Noticed a sky beast
  1872 | D:3      | Killed a sky beast
  1873 | D:3      | Reached XP level 6. HP: 36/55 MP: 5/5
  2028 | D:3      | Found a glowing golden altar of the Shining One.
  3069 | D:4      | HP: 2/55 [poisoned by a goblin]
  3070 | D:4      | Succumbed to a goblin's poison

Illustrated notes

Levels and vault maps discovered:
D:1:      dpeg_arrival_tiny_f, layout_basic, nicolae_ecumenical_snake_handling,
          serial_shops, shop
D:2:      layout_basic, serial_shops, shop, uniq_sigmund, uniq_terence,
          uniq_natasha
D:3:      layout_basic, lemuel_crystal_altar, nicolae_qazlal_beasts_of_the_sky
D:4:      layout_rooms, hangedman_ru_absence

Skill      XL: |  1  2  3  4 |
---------------+-------------+-----
Armour         | 4 5 |  5.3
Fighting       | 4 |  4.9
Shields        | 4 |  4.8
Axes           | 3 5 |  5.9
Dodging        | 1 |  1.4

Action                     |  1- 3 |  4- 6 || total
---------------------------+-------+-------++-------
  Melee: War axe           |    66 |    58 ||   124
         Headbutt          |    10 |     4 ||    14
    Use: Scroll            |     2 |     6 ||     8
 Armour: Scale mail        |    11 |       ||    11
         Chain mail        |    71 |    68 ||   139
  Dodge: Dodged            |    34 |    42 ||    76
  Block: Buckler           |    22 |    20 ||    42

Table legend: (Time is in decaauts)
 A = Elapsed time spent in this place.
 B = Non-inter-level travel time spent in this place.
 C = Inter-level travel time spent in this place.
 D = Time resting spent in this place.
 E = Time spent auto-exploring this place.
 F = Levels seen in this place.
 G = Mean time per level.
                   A        B        C        D        E       F      G
               +--------+--------+--------+--------+--------+-----+--------+
         Total |   3113 |   3113 |      0 |     30 |     13 |   4 |  778.2 |
       Dungeon |   3113 |   3113 |      0 |     30 |     13 |   4 |  778.2 |
               +--------+--------+--------+--------+--------+-----+--------+

Top non-repeatable levels by time:
     D:3: 1178 daAuts
     D:1: 1120 daAuts
     D:2: 759 daAuts
     D:4: 55 daAuts
